Map: Buried Caverns

Players

MattBarry - Winner!

  • Race: Terran Terran
  • League: Gold
  • Spawn Location: 9:00

Alebay - Winner!

  • Race: Protoss Protoss
  • Spawn Location: 7:00

MattBarry - Winner!

  • Race: Zerg Zerg
  • League: Gold
  • Spawn Location: 9:00

BuzzOff

  • Race: Terran Terran
  • Spawn Location: 3:00

DarkSlayer

  • Race: Protoss Protoss
  • Spawn Location: 3:00

WindyWillow

  • Race: Zerg Zerg
  • Spawn Location: 5:00

VOD

Have the link to the VOD?

Description

Time

  • Played on: Jan. 22, 2023, 4:34 a.m.
  • Length: 8:22
Show
View Real Time Build Order
Export as new Build Order

MattBarry Terran - Winner!

Build Orders: 2 Factory, Reaper Expand, Mech 

Get SALT Encoding   

  12  0:00  SCV  
  13  0:12  SCV  
  14  0:18  Supply Depot  
  14  0:24  SCV  
  15  0:40  Barracks, SCV  
  16  0:46  Refinery  
  16  0:52  SCV  
  17  1:04  SCV  
  18  1:16  SCV  
  19  1:28  Orbital Command  
  19  1:29  Reaper  
  20  1:43  Command Center  
  20  1:55  SCV  
  21  2:02  Supply Depot  
  21  2:07  SCV, Barracks Reactor  
  22  2:15  Refinery  
  22  2:19  SCV  
  23  2:45  SCV  
  23  2:49  Marine  
  24  3:15  Factory  
  24  3:20  Factory  
  24  3:21  Barracks Tech Lab  
  24  3:24  Orbital Command  
  24  3:25  SCV  
  25  3:37  SCV  
  25  3:39  Engineering Bay  
  26  3:43  Marine  
  27  3:50  SCV  
  27  3:54  Supply Depot  
  28  3:59  SCV  
  28  4:02  SCV, Hellion x2  
  34  4:11  SCV  
  34  4:13  Starport  
  39  4:24  Hellion x2  
  39  4:25  SCV x2  
  39  4:29  Refinery  
  41  4:33  Supply Depot  
  41  4:34  Siege Tank  
  41  4:37  SCV x2  
  46  4:40  Supply Depot  
  46  4:48  Hellion x2  
  46  4:49  SCV x2  
  52  4:57  Starport Reactor  
  52  5:01  SCV x2  
  52  5:03  Factory  
  52  5:05  Armory  
  52  5:06  Armory  
  53  5:21  SCV x2  
  53  5:24  Siege Tank, Hellion x2  
  61  5:33  SCV x2  
  61  5:45  SCV x2  
  61  6:02  Hellion x2, Siege Tank  
  66  6:04  Liberator  
  66  6:05  Liberator  
  66  6:09  Refinery  
  72  6:14  Supply Depot  
  72  6:16  Supply Depot x2  
  72  6:22  SCV x2  
  74  6:27  Command Center  
  74  6:31  Factory Tech Lab  
  74  6:34  SCV  
  75  6:40  SCV  
  75  6:46  SCV  
  77  6:50  Hellion x2, Siege Tank  
  77  6:52  SCV  
  77  6:53  Infernal Pre-Igniter  
  85  7:00  Supply Depot x2  
  85  7:13  Hellion x2  
  89  7:16  Siege Tank  
  89  7:19  SCV x2  
  94  7:31  SCV x2  
  96  8:00  Hellion x2  
  110  8:08  SCV x2  
Show
View Real Time Build Order
Export as new Build Order

Alebay Protoss - Winner!

Build Orders: 1 Gate Expand 

Get SALT Encoding   

  12  0:00  Probe  
  13  0:12  Probe  
  14  0:17  Pylon  
  14  0:24  Probe  
  15  0:36  Gateway  
  15  0:38  Probe  
  16  0:50  Probe  
  16  0:52  Assimilator  
  17  1:03  Probe  
  18  1:15  Probe  
  19  1:25  Cybernetics Core  
  19  1:29  Probe  
  20  1:36  Nexus  
  20  1:42  Probe  
  20  1:45  Assimilator  
  21  1:54  Warp Gate (Chrono Boost), Pylon  
  21  1:56  Probe  
  22  2:12  Stalker, Probe  
  25  2:30  Probe  
  26  2:41  Forge  
  26  2:45  Robotics Facility, Probe  
  26  2:49  Stalker, Probe  
  31  2:58  Probe  
  31  3:01  Probe  
  32  3:10  Probe  
  33  3:13  Protoss Ground Weapons Level 1 (Chrono Boost), Probe  
  34  3:24  Pylon  
  34  3:26  Twilight Council  
  34  3:28  Probe x2  
  36  3:37  Stalker  
  36  3:40  Probe x2  
  40  3:47  Pylon  
  40  3:51  Pylon  
  40  3:53  Probe x2  
  42  4:01  Stalker  
  44  4:07  Assimilator  
  44  4:08  Probe x2  
  46  4:13  Photon Cannon  
  46  4:18  Photon Cannon  
  46  4:21  Probe x2  
  48  4:31  Shield Battery  
  48  4:32  Pylon  
  48  4:45  Probe x2  
  50  4:47  Assimilator  
  50  4:48  Stalker  
  50  4:50  Blink (Chrono Boost)  
  52  4:54  Protoss Ground Armor Level 1 (Chrono Boost)  
  52  5:00  Gateway  
  52  5:02  Gateway  
  52  5:05  Probe x2  
  54  5:22  Stalker  
  54  5:24  Nexus  
  56  5:32  Immortal  
  61  5:42  Probe  
  61  5:43  Probe  
  61  5:45  Pylon  
  61  5:49  Stalker  
  64  5:57  Stalker x2  
  64  6:02  Probe x2  
  70  6:08  Pylon  
  70  6:11  Immortal, Pylon  
  70  6:16  Probe x2  
  70  6:17  Stalker  
  78  6:29  Probe x2  
  80  6:36  Probe  
  80  6:37  Stalker x2  
  85  6:41  Probe  
  86  6:51  Immortal  
  90  7:05  Stalker x2  
  90  7:06  Stalker  
  92  7:29  Stalker x3  
Show
View Real Time Build Order
Export as new Build Order

MattBarry Zerg - Winner!

Build Orders: Pool First 

Get SALT Encoding   

  12  0:00  Drone  
  13  0:08  Drone  
  14  0:19  Drone, Extractor  
  14  0:25  Overlord  
  14  0:48  Spawning Pool, Drone  
  14  1:12  Hatchery  
  14  1:16  Drone  
  14  1:20  Drone  
  15  1:26  Drone  
  15  1:32  Drone, Extractor  
  16  1:47  Lair  
  16  1:50  Drone  
  17  1:55  Drone  
  18  2:04  Drone  
  19  2:12  Drone  
  20  2:21  Drone  
  21  2:28  Queen, Drone  
  24  2:35  Drone  
  25  2:40  Drone  
  26  2:52  Spire  
  26  2:53  Drone  
  26  2:55  Drone  
  26  2:58  Drone  
  28  3:04  Overlord  
  28  3:22  Drone, Extractor x2  
  28  3:23  Drone x2  
  28  3:24  Drone  
  30  3:29  Overlord  
  30  3:46  Drone x2  
  32  3:50  Drone x2  
  34  4:04  Mutalisk x4  
  34  4:09  Mutalisk  
  44  4:14  Overlord  
  44  4:33  Mutalisk, Drone, Overlord  
  44  4:34  Mutalisk  
  44  4:36  Mutalisk  
  51  4:43  Overlord  
  51  4:53  Zerg Flyer Weapons Level 1  
  51  5:03  Mutalisk  
  53  5:12  Mutalisk  
  55  5:20  Mutalisk  
  55  5:44  Mutalisk x3  
  61  5:57  Mutalisk  
  61  6:08  Mutalisk  
  59  6:15  Mutalisk  
  57  6:21  Mutalisk  
  57  6:40  Mutalisk x2  
  61  6:49  Mutalisk  
  63  7:13  Mutalisk x2  
  65  7:20  Mutalisk  
  65  7:27  Mutalisk  
  65  7:49  Mutalisk  
  67  8:03  Overlord  
  67  8:08  Evolution Chamber x2  
  67  8:13  Evolution Chamber  
Show
View Real Time Build Order
Export as new Build Order

BuzzOff Terran 

Build Orders:  

Get SALT Encoding   

  12  0:30  Supply Depot  
  12  0:32  Supply Depot  
  12  0:45  Engineering Bay  
  12  0:52  Supply Depot  
  12  1:15  SCV  
  13  1:27  SCV  
  14  1:39  SCV  
  15  1:49  Barracks  
  15  1:50  Barracks  
  15  1:51  SCV  
  16  1:59  Supply Depot  
  16  2:03  SCV  
  18  2:15  SCV  
  18  2:23  Supply Depot  
  18  2:38  Marine x2  
  18  2:41  Supply Depot  
  18  2:42  Supply Depot  
  20  2:48  Refinery  
  20  2:53  Refinery  
  20  2:54  SCV  
  20  2:56  Marine x2  
  23  3:14  Marine  
  24  3:24  SCV  
  25  3:36  SCV  
  26  3:44  Factory  
  26  3:48  SCV  
  27  3:53  Missile Turret  
  27  4:00  SCV  
  27  4:02  Barracks Tech Lab  
  28  4:03  Barracks Reactor  
  28  4:12  SCV, Terran Infantry Weapons Level 1  
  28  4:14  Missile Turret  
  29  4:24  SCV  
  29  4:30  Factory Tech Lab  
  30  4:36  SCV  
  31  4:38  Missile Turret  
  31  4:48  SCV  
  31  4:49  Missile Turret  
  32  4:57  Factory  
  32  5:01  SCV  
  32  5:07  Marine x3  
  31  5:08  Missile Turret  
  31  5:13  SCV  
  33  5:22  Cyclone  
  33  5:24  Marine  
  34  5:45  Factory Tech Lab  
  33  5:54  Siege Tank  
  30  6:06  SCV  
  31  6:15  Siege Tank  
  34  6:18  SCV  
  35  6:26  Siege Tank  
  35  6:30  SCV  
  39  6:43  SCV  
  39  6:44  Command Center  
  40  6:55  SCV  
  30  7:23  Missile Turret  
  30  7:24  Missile Turret  
  30  7:25  Missile Turret  
  24  7:48  Siege Tank  
  24  8:06  Missile Turret  
Show
View Real Time Build Order
Export as new Build Order

DarkSlayer Protoss 

Build Orders: 1 Gate Expand, Forge Fast Expand (FFE) 

Get SALT Encoding   

  12  0:01  Probe  
  13  0:25  Pylon  
  13  0:29  Probe  
  14  0:44  Gateway  
  14  0:54  Forge  
  14  1:09  Pylon  
  14  1:24  Probe (Chrono Boost)  
  15  1:34  Probe (Chrono Boost)  
  15  1:37  Nexus  
  16  1:43  Assimilator  
  16  1:50  Assimilator  
  16  1:58  Pylon  
  16  2:07  Photon Cannon  
  16  2:19  Photon Cannon  
  15  2:33  Pylon  
  15  2:37  Photon Cannon  
  15  2:48  Pylon  
  13  3:14  Photon Cannon  
  13  3:18  Probe (Chrono Boost)  
  14  3:37  Zealot  
  14  3:38  Photon Cannon  
  16  3:51  Pylon  
  16  3:58  Photon Cannon  
  16  4:08  Pylon  
  16  4:13  Probe (Chrono Boost)  
  17  4:24  Probe (Chrono Boost)  
  19  4:25  Probe (Chrono Boost)  
  19  4:33  Probe (Chrono Boost)  
  19  4:35  Cybernetics Core  
  21  4:38  Probe (Chrono Boost)  
  22  4:46  Probe (Chrono Boost)  
  22  4:53  Assimilator  
  22  4:57  Assimilator  
  22  5:04  Photon Cannon  
  22  5:30  Stargate  
  23  5:35  Probe (Chrono Boost)  
  23  5:45  Stalker (Chrono Boost), Probe (Chrono Boost)  
  26  5:50  Probe (Chrono Boost)  
  27  5:57  Stargate  
  27  6:22  Stalker  
  29  6:32  Probe (Chrono Boost)  
  34  6:34  Void Ray  
  34  6:39  Probe (Chrono Boost)  
  35  6:43  Probe (Chrono Boost)  
  37  6:47  Probe (Chrono Boost)  
  37  7:07  Void Ray  
  36  7:22  Void Ray  
  40  7:36  Probe (Chrono Boost)  
  41  7:41  Probe (Chrono Boost)  
  43  7:44  Probe (Chrono Boost)  
  43  7:51  Probe (Chrono Boost)  
Show
View Real Time Build Order
Export as new Build Order

WindyWillow Zerg 

Build Orders: Hatch First 

Get SALT Encoding   

  12  0:03  Drone  
  13  0:16  Overlord  
  13  0:18  Drone  
  14  0:36  Drone x2  
  16  1:14  Hatchery  
  15  1:29  Spawning Pool  
  15  1:31  Extractor  
  13  1:45  Drone x3  
  16  2:01  Drone  
  17  2:10  Drone  
  18  2:19  Queen  
  20  2:26  Queen  
  22  2:32  Spine Crawler  
  22  2:35  Spine Crawler  
  19  3:02  Lair  
  19  3:05  Extractor  
  18  3:17  Drone x3  
  21  3:28  Drone  
  21  3:29  Drone x2  
  21  3:33  Drone  
  21  3:34  Drone  
  26  3:36  Overlord  
  26  3:57  Zergling x2  
  26  3:58  Zergling x10  
  32  4:09  Spire  
  32  4:22  Drone, Spire  
  32  4:23  Drone x2  
  34  4:30  Drone  
  35  4:56  Extractor  
  35  4:57  Extractor  
  33  5:03  Metabolic Boost  
  33  5:10  Zergling x4  
  33  5:11  Zergling x2  
  36  5:20  Spore Crawler  
  29  5:22  Spore Crawler  
  28  5:34  Mutalisk  
  28  5:35  Mutalisk  
  31  5:50  Spore Crawler  
  31  5:51  Spore Crawler  
  31  5:52  Spore Crawler x2  
  27  5:58  Mutalisk  
  22  6:31  Spore Crawler  
  22  6:32  Spore Crawler  
  20  6:33  Queen  
  20  6:34  Queen  
  24  6:49  Evolution Chamber  
  24  6:50  Drone  
  24  7:18  Drone x4  
  28  7:23  Overlord  
  19  8:08  Drone  
  19  8:09  Drone x9  
Tags
 
Add a new tag
Caveats
  • Supply blocks, unpowered buildings, or Contaminate may cause inaccurate times.
  • Supply counts are checked every 10 seconds.